 Dungeon Crawl Stone Soup version 0.29-a0-322-g68df515428 (webtiles) character file.

Game seed: 17670684222496557445

4482 esteth the Archer (level 10, -15/79 HPs)
             Began as a Gnoll Hunter on Apr 5, 2022.
             Was an Elder of Okawaru.
             Demolished by an orc knight
             ... wielding a +0 war axe
              (28 damage)
             ... in a bailey on Apr 6, 2022.
             The game lasted 00:18:34 (6245 turns).

esteth the Archer (Gnoll Hunter)                    Turns: 6245, Time: 00:18:35

Health: -15/79     AC:  9    Str: 16    XL:     10   Next: 38%
Magic:  17/17      EV: 16    Int:  9    God:    Okawaru [****..]
Gold:   299        SH:  5    Dex: 20    Spells: 19/19 levels left

rFire   . . .      SeeInvis .   a - +2 shortbow (vorpal)
rCold   . . .      Faith    .   (shield currently unavailable)
rNeg    . . .      Spirit   .   O - +1 leather armour of Untruth {-Cast rPois Regen+ Str+6}
rPois   +          Reflect  +   k - +2 helmet
rElec   .          Harm     .   (no cloak)
rCorr   .          Rampage  .   (no gloves)
Will    +....      NoCast   +   x - +0 pair of boots "Ziqeamn" {+Inv Will+}
Stlth   +++.......              D - amulet of reflection
HPRegen 1.03/turn               L - ring of flight
MPRegen 0.15/turn               (no ring)

@: mighty, flying
A: fangs 1, strong nose, distributed training
a: Renounce Religion, Evoke Invisibility, Heroism, Finesse


You were in a bailey.
You worshipped Okawaru.
Okawaru was greatly pleased with you.
You visited 2 branches of the dungeon, and saw 8 of its levels.
You also visited: Ossuary and Bailey.

You collected 299 gold pieces.


Innate Abilities, Weirdness & Mutations

You have very sharp teeth.
Your uncanny sense of smell can sniff out nearby items.
Your experience applies equally to all skills.


   Skills:
 + Level 7.0 Fighting
 + Level 5.2 Short Blades
 + Level 5.2 Long Blades
 + Level 5.2 Axes
 + Level 5.2 Maces & Flails
 + Level 5.2 Polearms
 + Level 5.2 Staves
 + Level 5.2 Slings
 + Level 10.0 Bows
 + Level 5.2 Crossbows
 + Level 5.2 Throwing
 + Level 5.2 Armour
 + Level 7.0 Dodging
 + Level 5.8 Stealth
 + Level 5.2 Shields
 + Level 5.2 Unarmed Combat
 + Level 5.2 Spellcasting
 + Level 4.3 Conjurations
 + Level 4.3 Hexes
 + Level 4.3 Summonings
 + Level 4.3 Necromancy
 + Level 4.3 Translocations
 + Level 4.3 Transmutations
 + Level 4.3 Fire Magic
 + Level 4.3 Ice Magic
 + Level 4.3 Air Magic
 + Level 4.3 Earth Magic
 + Level 4.3 Poison Magic
 + Level 5.7 Invocations
 + Level 5.2 Evocations


You had 19 spell levels left.
You didn't know any spells.
Your spell library contained the following spells:

 Spells                   Type           Power      Damage    Failure   Level
 Foxfire                  Conj/Fire      40%        2x1d6     4%          1
 Conjure Flame            Conj/Fire      10%        6-21      14%         3
 Inner Flame              Hex/Fire       10%        N/A       14%         3
 Flame Wave               Conj/Fire      10%        2d5       43%         4

Inventory:

Hand Weapons
 a - a +2 vorpal shortbow (weapon)
 z - a +2 antimagic whip
   (You took it off a kobold on level 2 of the Dungeon)
Missiles
 h - 207 stones (quivered)
Armour
 k - a +2 helmet (worn)
   (You found it on level 1 of the Dungeon)
 x - the +0 pair of boots "Ziqeamn" (worn) {+Inv Will+}
   (You acquired it on level 5 of the Dungeon)

   +Inv:      It lets you turn invisible.
   Will:      It increases your willpower.
 A - +0 steam dragon scales
   (You took it off Maggie on level 6 of the Dungeon)
 F - the +1 pair of gloves "Rischag" {Rampage Slay-3 SInv}
   (You found it on level 3 of the Dungeon)

   Slay:      It affects your accuracy & damage with ranged weapons and melee
   (-3).
   SInv:      It lets you see invisible.
   Rampage:   It bestows one free step when moving towards enemies.
 I - a +0 ring mail of poison resistance
   (You took it off an orc on level 3 of the Dungeon)
 O - the +1 leather armour of Untruth (worn) {-Cast rPois Regen+ Str+6}
   (You found it on level 4 of the Dungeon)

   Str:       It affects your strength (+6).
   rPois:     It protects you from poison.
   -Cast:     It prevents spellcasting.
   Regen:     It increases your rate of health regeneration.
 Q - a +0 leather armour of cold resistance
   (You took it off an orc on level 6 of the Dungeon)
Jewellery
 D - an amulet of reflection (around neck)
   (You found it on level 3 of the Dungeon)
 L - a ring of flight (left hand)
   (You found it on level 3 of the Dungeon)
 R - a ring of resist corrosion
   (You found it in an ossuary)
 W - a ring of magical power
   (You found it in an ossuary)
Wands
 g - a wand of iceblast (12)
   (You took it off Pikel on level 4 of the Dungeon)
 y - a wand of flame (21)
   (You found it on level 6 of the Dungeon)
Scrolls
 c - 4 scrolls of immolation {!r!r}
 d - 2 scrolls of fear {unknown}
 e - a scroll of enchant armour
 i - a scroll of torment {!r}
 l - a scroll of magic mapping {!r}
 m - 2 scrolls of silence {unknown}
 t - a scroll of noise {unknown}
 E - 2 scrolls of enchant weapon
 G - 2 scrolls of brand weapon
 J - 2 scrolls of vulnerability {unknown}
 N - 7 scrolls of identify {@r1}
Potions
 f - 8 potions of haste {unknown}
 j - a potion of degeneration {!q}
 n - a potion of invisibility {unknown}
 o - a potion of lignification {unknown}
 p - a potion of magic
 r - a potion of heal wounds {unknown}
 u - 4 potions of curing {@q1}
 B - 4 potions of mutation {unknown}
 M - a potion of flight {unknown}
 U - a potion of attraction {unknown}
 V - 3 potions of cancellation {unknown}
 X - a potion of resistance {unknown}
 Z - 3 potions of brilliance {unknown}

Dungeon Overview and Level Annotations

Branches:
Dungeon (7/15)             Temple (1/1) D:4         Ossuary (visited)
 Bailey (1/1)

Altars:
Ashenzari
Cheibriados
Dithmenos
Elyvilon
Gozag
Hepliaklqana
Kikubaaqudgha
Okawaru
Ru
Sif Muna
Trog
Wu Jian
Xom
Yredelemnul
Zin
The Shining One

Shops:
D:2 *(   D:4 !   D:6 =

Portals:
Abyss: D:4

Annotations:
D:4 2 transporters, kae's ghost, amateur TeFE
D:5 1 runed translucent door, exclusion: downstairs, Crazy Yiuf

...).....# .........##
... ....⌠.)...###+###
..⌠.
.........##88.88##
.)..
.........#.......#
.....
#.......##.......##)..
#.......'........)'.
##.....##.......oo##
#######.....⌠..@..#
##.........##
#.........#
##..(....## #.......#
##..∩..## #######


You could see an orc knight and an orc warrior (strong).


Message History

Okay, then.
You shoot an arrow. The arrow hits the orc!
You kill the orc!
Okawaru accepts your kill.
You shoot an arrow. The arrow hits the orc.
The orc shouts!
You hear a shout!
A hobgoblin comes into view. It is wielding a +0 hand axe.
The hobgoblin shouts!
You hear a shout!
You shoot an arrow.
The arrow hits the hobgoblin but does no damage.
You shoot an arrow.
The arrow hits the hobgoblin but does no damage.
You shoot an arrow. The arrow hits the hobgoblin!
You kill the hobgoblin!
Okawaru accepts your kill.
You shoot an arrow. The arrow hits the orc!
You kill the orc!
Okawaru accepts your kill.
An orc warrior comes into view. It is wielding a +0 hand axe.
You shoot an arrow.
The arrow closely misses the orc warrior.
You shoot an arrow. The arrow hits the orc warrior.
You hear a shout!
You shoot an arrow.
The arrow closely misses the orc warrior.
The orc warrior hits you with a +0 hand axe! 😕 HP[-9]
You take 9 damage, and now have 70/79 hp.
You shoot an arrow.
The arrow closely misses the orc warrior.
The goblin shouts!
The orc warrior hits you with a +0 hand axe.
An orc knight comes into view. It is wielding a +0 war axe. 😕 HP[-2]
You take 2 damage, and now have 68/79 hp.
You shoot an arrow. The arrow hits the orc warrior.
The orc warrior hits you with a +0 hand axe. 😕 HP[-2]
You take 2 damage, and now have 66/79 hp.
You shoot an arrow.
The arrow hits the orc warrior but does no damage.
The orc warrior closely misses you. 😕 HP[+1]
You shoot an arrow.
The arrow closely misses the orc warrior.
You block the orc warrior's attack. 😕 HP[+1]
You shoot an arrow.
The arrow barely misses the orc warrior.
The arrow hits the goblin!
You kill the goblin!
The orc warrior completely misses you. 😕 HP[+1]
As you read the scroll labelled POICZI SIXUEKE, it crumbles to dust.
Wisps of shadow whirl around you...
The shadows disperse without effect.
It was a scroll of summoning. 😕 HP[+1] 😕 HP[+1]
As you read the scroll labelled POMOIM ICKO, it crumbles to dust.
It is a scroll of enchant weapon.
Your +1 vorpal shortbow glows red for a moment.
The orc knight completely misses you. 😕 HP[+1]
Okay, then.
It was a potion of magic.
Magic courses through your body.
The orc knight roars a battlecry!
The orc warrior goes into a battle-frenzy!
The orc warrior hits you with a +0 hand axe. 😕 HP[-4]
You take 4 damage, and now have 68/79 hp.
It was a potion of might.
You feel very mighty all of a sudden. The orc knight barely misses you.
The orc warrior barely misses you. 😕 HP[+1] Shoot: a) +2 shortbow (vorpal)
Press: ? - help, Shift-Dir - straight line, f/p - orc warrior
Aim: an orc warrior, wielding a +0 hand axe and wearing a +0 ring mail (lightly wounded, strong, 66% to hit)
You shoot an arrow. The arrow hits the orc warrior.
The orc knight hits you with a +0 war axe!!
The orc warrior hits you with a +0 hand axe!
* * * LOW HITPOINT WARNING * * *
😨 HP[-31]
You take 31 damage, and now have 38/79 hp.
MASSIVE DAMAGE!! (PAUSE)
As you read the scroll labelled SOCUGA DIUNLU, it crumbles to dust.
It is a scroll of enchant armour.
Your +1 helmet glows green for a moment.
You block the orc knight's attack.
The orc warrior hits you with a +0 hand axe!
* * * LOW HITPOINT WARNING * * *
😨 HP[-16]
You take 16 damage, and now have 22/79 hp.
MASSIVE DAMAGE!! (PAUSE)
As you read the scroll labelled TANUQU NO QAG, it crumbles to dust.
Your body is wracked with pain!
* * * LOW HITPOINT WARNING * * *
The orc warrior convulses!
The orc knight convulses!
It was a scroll of torment.
The orc knight hits you with a +0 war axe!!
You die...

Skill      XL: |  1  2  3  4  5  6  7  8  9 10 |
---------------+-------------------------------+-----
Invocations    | 1 2 3 4 5 |  5.7
Short Blades   | 1 2 3 4 5 |  5.2
Long Blades    | 1 2 3 4 5 |  5.2
Axes           | 1 2 3 4 5 |  5.2
Maces & Flails | 1 2 3 4 5 |  5.2
Polearms       | 1 2 3 4 5 |  5.2
Staves         | 1 2 3 4 5 |  5.2
Slings         | 1 2 3 4 5 |  5.2
Crossbows      | 1 2 3 4 5 |  5.2
Throwing       | 1 2 3 4 5 |  5.2
Armour         | 1 2 3 4 5 |  5.2
Shields        | 1 2 3 4 5 |  5.2
Unarmed Combat | 1 2 3 4 5 |  5.2
Spellcasting   | 1 2 3 4 5 |  5.2
Evocations     | 1 2 3 4 5 |  5.2
Conjurations   | 1 2 3 4 |  4.3
Hexes          | 1 2 3 4 |  4.3
Summonings     | 1 2 3 4 |  4.3
Necromancy     | 1 2 3 4 |  4.3
Translocations | 1 2 3 4 |  4.3
Transmutations | 1 2 3 4 |  4.3
Fire Magic     | 1 2 3 4 |  4.3
Ice Magic      | 1 2 3 4 |  4.3
Air Magic      | 1 2 3 4 |  4.3
Earth Magic    | 1 2 3 4 |  4.3
Poison Magic   | 1 2 3 4 |  4.3
Fighting       | 5 6 7 |  7.0
Dodging        | 5 6 7 |  7.0
Stealth        | 3 4 5 |  5.8
Bows           | 9 10 | 10.0

Action                   |  1- 3 |  4- 6 |  7- 9 | 10-12 || total
-------------------------+-------+-------+-------+-------++-------
 Fire: Shortbow          |    69 |   143 |   520 |   142 ||   874
Invok: Heroism           |       |       |       |     2 ||     2
       Finesse           |       |       |       |     2 ||     2
  Use: Scroll            |       |       |     7 |     5 ||    12
       Potion            |       |       |     2 |     3 ||     5
Armor: Leather armour    |     9 |     6 |    88 |     7 ||   110
Dodge: Dodged            |    16 |    17 |   242 |    65 ||   340
Block: Other             |       |     7 |    86 |    16 ||   109
       Reflection        |       |       |     8 |     1 ||     9

Levels and vault maps discovered:
D:1:      minmay_arrival_arboretum_small, layout_loops_ring,
          dreamdust_ecumenical_altar_hidden_monk_grotto,
          minmay_misc_feat_diagonals, chequers_serial_rivers_micro_c
D:2:      layout_basic, serial_shops, nicolae_shop_stone,
          nicolae_shop_advertising_works [nicolae_subvault_shop_adworks],
          serial_undead, serial_undead_c, serial_undead_f, serial_undead_c,
          serial_undead_c, serial_undead_c, serial_undead_d, serial_undead_c,
          uniq_jessica
D:3:      kennysheep_six_static_rooms, layout_loops_ring,
          nicolae_overflow_ecumenical_swirl, minmay_misc_feat_four_crosses,
          minmay_crystal_room
D:4:      layout_rooms, minmay_temple_entry_hall, serial_shops,
          nicolae_take_the_stairs, enter_ossuary_4,
          gammafunk_ghost_abyssal_escape, kennysheep_generic_room_5, uniq_pikel
D:5:      layout_rooms, uniq_edmund, uniq_grinder, uniq_crazy_yiuf_cottage
D:6:      layout_gridville, general_overflow_altar,
          minmay_shop_enchanted_jewellery, minmay_misc_feat_five,
          uniq_eustachio, uniq_blork_the_orc, uniq_maggie
D:7:      layout_rooms, enter_bailey_5, minivault_11,
          minmay_hollow_rounded_squares
Temple:   eino_temple_lava
Bailey:   bailey_axe_minmay_hex_keep, bailey

Notes
Turn   | Place    | Note
-------+----------+-------------------------------------------
     0 | D:1      | esteth the Gnoll Hunter began the quest for the Orb.
     0 | D:1      | Reached XP level 1. HP: 20/20 MP: 1/1
     0 | D:1      | magus.rc [v1.11.3]
   152 | D:1      | Reached XP level 2. HP: 26/26 MP: 2/2
   442 | D:1      | Reached XP level 3. HP: 31/31 MP: 3/3
   599 | D:1      | Found a faded altar of an unknown god.
   864 | D:2      | You pick up a book of Flames and begin reading...
   864 | D:2      | You add the spells Foxfire, Conjure Flame, Inner Flame and
                  | Flame Wave to your library.
   877 | D:2      | Reached skill level 1 in Invocations
   877 | D:2      | Noticed Jessica
   878 | D:2      | Killed Jessica
   879 | D:2      | Reached skill level 1 in Short Blades
   879 | D:2      | Reached skill level 1 in Long Blades
   879 | D:2      | Reached skill level 1 in Axes
   879 | D:2      | Reached skill level 1 in Maces & Flails
   879 | D:2      | Reached skill level 1 in Polearms
   879 | D:2      | Reached skill level 1 in Staves
   879 | D:2      | Reached skill level 1 in Slings
   879 | D:2      | Reached skill level 1 in Crossbows
   879 | D:2      | Reached skill level 1 in Throwing
   879 | D:2      | Reached skill level 1 in Armour
   879 | D:2      | Reached skill level 1 in Shields
   879 | D:2      | Reached skill level 1 in Unarmed Combat
   879 | D:2      | Reached skill level 1 in Spellcasting
   879 | D:2      | Reached skill level 1 in Evocations
   879 | D:2      | Reached XP level 4. HP: 38/38 MP: 5/5
   924 | D:2      | Found Zesuofos's Assorted Antiques.
   932 | D:2      | Found Zaxotepn's Antique Weapon Emporium.
  1202 | D:3      | magus.rc [v1.11.3]
  1239 | D:3      | Reached skill level 1 in Conjurations
  1239 | D:3      | Reached skill level 1 in Hexes
  1239 | D:3      | Reached skill level 1 in Summonings
  1239 | D:3      | Reached skill level 1 in Necromancy
  1239 | D:3      | Reached skill level 1 in Translocations
  1239 | D:3      | Reached skill level 1 in Transmutations
  1239 | D:3      | Reached skill level 1 in Fire Magic
  1239 | D:3      | Reached skill level 1 in Ice Magic
  1239 | D:3      | Reached skill level 1 in Air Magic
  1239 | D:3      | Reached skill level 1 in Earth Magic
  1239 | D:3      | Reached skill level 1 in Poison Magic
  1426 | D:3      | Noticed an ogre
  1434 | D:3      | Killed an ogre
  1435 | D:3      | Reached XP level 5. HP: 17/43 MP: 5/7
  1779 | D:3      | Identified the +1 pair of gloves "Rischag" {Rampage Slay-3
                  | SInv}
  1957 | D:3      | Reached skill level 2 in Invocations
  1957 | D:3      | Reached XP level 6. HP: 28/50 MP: 8/8
  2216 | D:3      | Found a faded altar of an unknown god.
  2221 | D:3      | Found a snail-covered altar of Cheibriados.
  2531 | D:4      | Reached skill level 5 in Fighting
  2531 | D:4      | Reached skill level 5 in Dodging
  2531 | D:4      | Reached skill level 3 in Stealth
  2594 | D:4      | Noticed a small abomination
  2601 | D:4      | Found Bedwypn's Distillery.
  2632 | D:4      | Identified the +1 leather armour of Untruth {-Cast rPois
                  | Regen+ Str+6}
  2671 | D:4      | Reached skill level 2 in Short Blades
  2671 | D:4      | Reached skill level 2 in Long Blades
  2671 | D:4      | Reached skill level 2 in Axes
  2671 | D:4      | Reached skill level 2 in Maces & Flails
  2671 | D:4      | Reached skill level 2 in Polearms
  2671 | D:4      | Reached skill level 2 in Staves
  2671 | D:4      | Reached skill level 2 in Slings
  2671 | D:4      | Reached skill level 2 in Crossbows
  2671 | D:4      | Reached skill level 2 in Throwing
  2671 | D:4      | Reached skill level 2 in Armour
  2671 | D:4      | Reached skill level 2 in Shields
  2671 | D:4      | Reached skill level 2 in Unarmed Combat
  2671 | D:4      | Reached skill level 2 in Spellcasting
  2671 | D:4      | Reached skill level 2 in Evocations
  2754 | D:4      | Found a staircase to the Ecumenical Temple.
  2760 | Temple   | Entered the Ecumenical Temple
  2827 | Temple   | Became a worshipper of Warmaster Okawaru
  2856 | D:4      | Found a sand-covered staircase.
  2863 | Ossuary  | Entered an ossuary
  2914 | Ossuary  | Reached XP level 7. HP: 56/56 MP: 10/10
  2932 | Ossuary  | Reached skill level 2 in Conjurations
  2932 | Ossuary  | Reached skill level 2 in Hexes
  2932 | Ossuary  | Reached skill level 2 in Summonings
  2932 | Ossuary  | Reached skill level 2 in Necromancy
  2932 | Ossuary  | Reached skill level 2 in Translocations
  2932 | Ossuary  | Reached skill level 2 in Transmutations
  2932 | Ossuary  | Reached skill level 2 in Fire Magic
  2932 | Ossuary  | Reached skill level 2 in Ice Magic
  2932 | Ossuary  | Reached skill level 2 in Air Magic
  2932 | Ossuary  | Reached skill level 2 in Earth Magic
  2932 | Ossuary  | Reached skill level 2 in Poison Magic
  3004 | Ossuary  | Reached * piety under Okawaru
  3015 | Ossuary  | Reached skill level 9 in Bows
  3058 | Ossuary  | Reached skill level 3 in Invocations
  3108 | Ossuary  | Reached XP level 8. HP: 57/63 MP: 12/12
  3131 | Ossuary  | Reached skill level 3 in Short Blades
  3131 | Ossuary  | Reached skill level 3 in Long Blades
  3131 | Ossuary  | Reached skill level 3 in Axes
  3131 | Ossuary  | Reached skill level 3 in Maces & Flails
  3131 | Ossuary  | Reached skill level 3 in Polearms
  3131 | Ossuary  | Reached skill level 3 in Staves
  3131 | Ossuary  | Reached skill level 3 in Slings
  3131 | Ossuary  | Reached skill level 3 in Crossbows
  3131 | Ossuary  | Reached skill level 3 in Throwing
  3131 | Ossuary  | Reached skill level 3 in Armour
  3131 | Ossuary  | Reached skill level 3 in Shields
  3131 | Ossuary  | Reached skill level 3 in Unarmed Combat
  3131 | Ossuary  | Reached skill level 3 in Spellcasting
  3131 | Ossuary  | Reached skill level 3 in Evocations
  3136 | Ossuary  | Reached ** piety under Okawaru
  3154 | Ossuary  | Reached skill level 4 in Stealth
  3422 | D:4      | Found a transporter.
  3438 | D:4      | Noticed Pikel
  3452 | D:4      | Killed Pikel
  3453 | D:4      | Reached skill level 6 in Fighting
  3453 | D:4      | Reached skill level 6 in Dodging
  3453 | D:4      | Reached skill level 3 in Conjurations
  3453 | D:4      | Reached skill level 3 in Hexes
  3453 | D:4      | Reached skill level 3 in Summonings
  3453 | D:4      | Reached skill level 3 in Necromancy
  3453 | D:4      | Reached skill level 3 in Translocations
  3453 | D:4      | Reached skill level 3 in Transmutations
  3453 | D:4      | Reached skill level 3 in Fire Magic
  3453 | D:4      | Reached skill level 3 in Ice Magic
  3453 | D:4      | Reached skill level 3 in Air Magic
  3453 | D:4      | Reached skill level 3 in Earth Magic
  3453 | D:4      | Reached skill level 3 in Poison Magic
  3453 | D:4      | Reached skill level 4 in Invocations
  3453 | D:4      | Reached XP level 9. HP: 32/69 MP: 12/14
  3534 | D:4      | Found a one-way gate to the infinite horrors of the Abyss.
  3534 | D:4      | Noticed kae's ghost (amateur TeFE)
  3539 | D:4      | Found a transporter.
  3756 | D:5      | Entered Level 5 of the Dungeon
  3772 | D:5      | Noticed Grinder
  3786 | D:5      | Paralysed by Grinder for 3 turns
  3789 | D:5      | Killed Grinder
  3789 | D:5      | Reached *** piety under Okawaru
  3883 | D:5      | Reached skill level 4 in Short Blades
  3883 | D:5      | Reached skill level 4 in Long Blades
  3883 | D:5      | Reached skill level 4 in Axes
  3883 | D:5      | Reached skill level 4 in Maces & Flails
  3883 | D:5      | Reached skill level 4 in Polearms
  3883 | D:5      | Reached skill level 4 in Staves
  3883 | D:5      | Reached skill level 4 in Slings
  3883 | D:5      | Reached skill level 4 in Crossbows
  3883 | D:5      | Reached skill level 4 in Throwing
  3883 | D:5      | Reached skill level 4 in Armour
  3883 | D:5      | Reached skill level 4 in Shields
  3883 | D:5      | Reached skill level 4 in Unarmed Combat
  3883 | D:5      | Reached skill level 4 in Spellcasting
  3883 | D:5      | Reached skill level 4 in Evocations
  3907 | D:5      | Noticed Edmund
  3935 | D:5      | Identified a scroll of acquirement
  3935 | D:5      | Acquired the +0 pair of boots "Ziqeamn" {+Inv Will+}
  4178 | D:5      | Killed Edmund
  4476 | D:5      | Found a runed translucent door.
  4477 | D:5      | Noticed Crazy Yiuf
  4667 | D:5      | Reached skill level 5 in Stealth
  4689 | D:6      | Found Guplel's Jewellery Shoppe.
  5096 | D:6      | Noticed Blork the orc
  5109 | D:6      | Killed Blork the orc
  5251 | D:6      | Noticed Eustachio
  5279 | D:6      | Killed Eustachio
  5380 | D:6      | Reached skill level 5 in Invocations
  5417 | D:6      | Reached **** piety under Okawaru
  5496 | D:6      | Found a bloodstained altar of Trog.
  5534 | D:6      | Noticed Maggie
  5562 | D:6      | Killed Maggie
  5776 | D:6      | Reached skill level 4 in Conjurations
  5776 | D:6      | Reached skill level 4 in Hexes
  5776 | D:6      | Reached skill level 4 in Summonings
  5776 | D:6      | Reached skill level 4 in Necromancy
  5776 | D:6      | Reached skill level 4 in Translocations
  5776 | D:6      | Reached skill level 4 in Transmutations
  5776 | D:6      | Reached skill level 4 in Fire Magic
  5776 | D:6      | Reached skill level 4 in Ice Magic
  5776 | D:6      | Reached skill level 4 in Air Magic
  5776 | D:6      | Reached skill level 4 in Earth Magic
  5776 | D:6      | Reached skill level 4 in Poison Magic
  5776 | D:6      | Reached XP level 10. HP: 60/77 MP: 17/17
  5879 | D:7      | Reached skill level 5 in Short Blades
  5879 | D:7      | Reached skill level 5 in Long Blades
  5879 | D:7      | Reached skill level 5 in Axes
  5879 | D:7      | Reached skill level 5 in Maces & Flails
  5879 | D:7      | Reached skill level 5 in Polearms
  5879 | D:7      | Reached skill level 5 in Staves
  5879 | D:7      | Reached skill level 5 in Slings
  5879 | D:7      | Reached skill level 5 in Crossbows
  5879 | D:7      | Reached skill level 5 in Throwing
  5879 | D:7      | Reached skill level 5 in Armour
  5879 | D:7      | Reached skill level 5 in Shields
  5879 | D:7      | Reached skill level 5 in Unarmed Combat
  5879 | D:7      | Reached skill level 5 in Spellcasting
  5879 | D:7      | Reached skill level 5 in Evocations
  5884 | D:7      | Found a flagged portal.
  5904 | Bailey   | Entered a bailey
  5978 | Bailey   | Reached skill level 10 in Bows
  6114 | Bailey   | Reached skill level 7 in Fighting
  6114 | Bailey   | Reached skill level 7 in Dodging
  6234 | Bailey   | Noticed an orc knight
  6245 | Bailey   | HP: 12/79 [/a scroll of torment (10)]
  6245 | Bailey   | Demolished by an orc knight

Vanquished Creatures
  Pikel (D:4)
  Maggie (D:6)
  Grinder (D:5)
  A wyvern (D:7)
  Eustachio (D:6)
  Edmund (D:5)
  10 orc warriors
  An ogre (D:3)
  2 centaurs
  4 lemures (D:4)
  2 bullfrogs
  Blork the orc (D:6)
  A necrophage (D:4)
  14 scorpions
  2 centaur zombies (Ossuary)
  A hound (D:7)
  A human zombie (Ossuary)
  3 orc priests
  A jelly (D:6)
  Jessica (D:2)
  4 scorpion zombies (Ossuary)
  6 orc wizards
  An iguana (D:5)
  3 mummies (Ossuary)
  5 gnolls (Bailey)
  8 adders
  2 white imps (D:6)
  3 dart slugs
  37 orcs
  2 ball pythons (D:3)
  4 endoplasms
  2 giant cockroaches
  2 gnoll zombies (Ossuary)
  17 goblins
  10 hobgoblins
  12 jackals
  6 quokkas
  2 ball python skeletons (D:2)
  6 bats
  3 frilled lizards
  5 hobgoblin zombies (Ossuary)
  6 kobolds
  A kobold zombie (Ossuary)
  3 orc zombies (Ossuary)
  A quokka skeleton (D:2)
  A quokka zombie (D:4)
  5 rats
  A rat zombie (D:4)
208 creatures vanquished.

Table legend:
 A = Non-vault XP
 B = Vault XP
 C = Vault XP percentage of total XP
 D = Non-vault monster count
 E = Vault monster count
 F = Vault count percentage of total count
                 A         B        C        D         E       F
            +---------+---------+-------+---------+---------+-------
      Total |    2127 |    4277 |  66.8 |     119 |      85 |  41.7
            +---------+---------+-------+---------+---------+-------
        D:1 |      41 |       0 |   0.0 |      25 |       0 |   0.0
        D:2 |      33 |      40 |  54.8 |      14 |       4 |  22.2
        D:3 |     206 |      12 |   5.5 |      17 |       6 |  26.1
        D:4 |     145 |     675 |  82.3 |      13 |       3 |  18.8
        D:5 |     486 |     457 |  48.5 |      17 |       2 |  10.5
        D:6 |     747 |     680 |  47.7 |      29 |       3 |   9.4
        D:7 |     469 |       8 |   1.7 |       4 |       4 |  50.0
    Ossuary |       0 |    1246 | 100.0 |       0 |      32 | 100.0
     Bailey |       0 |    1159 | 100.0 |       0 |      31 | 100.0
            +---------+---------+-------+---------+---------+-------

Illustrated notes

Table legend:
 A = Kills in this place as a percentage of kills in entire the game.
 B = Kills by you in this place as a percentage of kills by you in the entire game.
 C = Kills by friends in this place as a percentage of kills by friends in the entire game.
 D = Other kills in this place as a percentage of other kills in the entire game.
 E = Experience gained in this place as a percentage of experience gained in the entire game.
 F = Experience gained in this place divided by the number of levels of this place that you have seen.
                   A       B       C       D       E      F
               +-------+-------+-------+-------+-------+----------------------
         Total | 100.0 | 100.0 |   N/A |   N/A | 100.0 | 640.4
       Dungeon |  69.1 |  69.1 |   N/A |   N/A |  62.4 | 571.3
       Ossuary |  15.7 |  15.7 |   N/A |   N/A |  19.5 | 1246.0
        Bailey |  15.2 |  15.2 |   N/A |   N/A |  18.1 | 1159.0
               +-------+-------+-------+-------+-------+----------------------

Table legend: (Time is in decaauts)
 A = Elapsed time spent in this place.
 B = Non-inter-level travel time spent in this place.
 C = Inter-level travel time spent in this place.
 D = Time resting spent in this place.
 E = Time spent auto-exploring this place.
 F = Levels seen in this place.
 G = Mean time per level.
                   A        B        C        D        E       F      G
               +--------+--------+--------+--------+--------+-----+--------+
         Total |   6283 |   5996 |    287 |    124 |   4174 |  10 |  628.3 |
       Dungeon |   5451 |   5171 |    280 |     83 |   3873 |   7 |  778.7 |
        Temple |     74 |     67 |      7 |      0 |     45 |   1 |   74.0 |
       Ossuary |    439 |    439 |      0 |      0 |    142 |   1 |  439.0 |
        Bailey |    318 |    318 |      0 |     41 |    114 |   1 |  318.0 |
               +--------+--------+--------+--------+--------+-----+--------+

Top non-repeatable levels by time:
     D:3: 1348 daAuts
     D:6: 1155 daAuts
     D:5: 909 daAuts
     D:4: 743 daAuts
     D:1: 652 daAuts
     D:2: 538 daAuts
 Ossuary: 439 daAuts
  Bailey: 318 daAuts
     D:7: 104 daAuts
  Temple: 74 daAuts
